 Dungeon Crawl Stone Soup version 0.20-a0-3-g334f831 (webtiles) character file.

2393 mrath the Basher (level 9, -6/75 HPs)
             Began as a Minotaur Fighter on Oct 30, 2016.
             Was a Believer of Okawaru.
             Mangled by a two-headed ogre
             ... wielding a cursed -1 giant spiked club
              (16 damage)
             ... on level 6 of the Dungeon.
             The game lasted 00:23:42 (6050 turns).

mrath the Basher (Minotaur Fighter)                 Turns: 6050, Time: 00:23:43

Health: -6/75      AC: 11    Str: 24    XL:     9   Next: 22%
Magic:  6/10       EV: 11    Int:  5    God:    Okawaru [**....]
Gold:   308        SH: 12    Dex: 10    Spells: 0 memorised, 8 levels left

rFire  . . .     SeeInvis .     a - +0 flail
rCold  . . .     Gourm    .     r - +0 chain mail
rNeg   . . .     Faith    .     c - +0 shield
rPois  .         Spirit   .     (helmet restricted)
rElec  .         Reflect  .     (no cloak)
rCorr  +         Harm     .     (no gloves)
MR     .....                    (no boots)
Stlth  ..........               (no amulet)
                                (no ring)
                                t - ring of resist corrosion

@: heroism
A: retaliatory headbutt, horns 2
a: Heroism, Renounce Religion


You were on level 6 of the Dungeon.
You worshipped Okawaru.
Okawaru was pleased with you.
You were hungry.

You visited 2 branches of the dungeon, and saw 7 of its levels.

You collected 308 gold pieces.

Inventory:

Hand Weapons
 a - a +0 flail (weapon)
 v - a +0 hand axe of draining
Missiles
 l - 152 stones (quivered)
 q - a throwing net
 s - 55 poisoned needles
Armour
 c - a +0 shield (worn)
 r - a +0 chain mail (worn)
Jewellery
 t - a ring of resist corrosion (left hand)
Wands
 b - a wand of slowing (19/48)
 B - a wand of lightning (6/15)
Scrolls
 e - 5 scrolls of identify
 h - 2 scrolls of enchant weapon {unknown}
 i - 3 scrolls of magic mapping {unknown}
 j - a scroll of recharging {unknown}
 m - 2 scrolls of enchant armour {unknown}
 n - 2 scrolls of random uselessness {unknown}
 u - a scroll of amnesia {unknown}
 w - 3 scrolls of remove curse {unknown}
 x - a scroll of immolation {unknown}
 y - 2 scrolls of noise {unknown}
Potions
 d - a potion of flight {unknown}
 g - a potion of magic {unknown}
 o - 2 potions of heal wounds
 p - 3 potions of resistance
Comestibles
 f - 5 bread rations
 k - 2 beef jerkies
 z - a meat ration
 A - 4 chunks of flesh


   Skills:
 + Level 5.9(10.9) Fighting
 + Level 10.4(15.4) Maces & Flails
 + Level 3.3(8.3) Throwing
 + Level 5.6(10.6) Armour
 + Level 3.5(8.5) Dodging
 + Level 5.4(10.4) Shields
 + Level 3.1 Evocations


You had 8 spell levels left.
You didn't know any spells.

Dungeon Overview and Level Annotations

Branches:
Dungeon (6/15)             Temple (1/1) D:6

Altars:
Ashenzari
Cheibriados
Dithmenos
Fedhas
Hepliaklqana
Kikubaaqudgha
Makhleb
Okawaru
Qazlal
Ru
Trog
Uskayaw
Vehumet
Xom


Innate Abilities, Weirdness & Mutations

You reflexively headbutt those who attack you in melee.
You have a pair of horns on your head.


Message History

Your base Dodging skill increases to level 3!
Your base Shields skill increases to level 5!
Your Evocations skill increases to level 3!
You have reached level 9!
Your experience leads to an increase in your attributes!
Increase (S)trength, (I)ntelligence, or (D)exterity?
You feel stronger.
Your shield and chain mail prevent you from hitting the two-headed ogre.
You headbutt the two-headed ogre.
The two-headed ogre is lightly wounded.
The two-headed ogre hits you with a giant spiked club!
* * * LOW HITPOINT WARNING * * *
You block the two-headed ogre's attack.
You sock the two-headed ogre!
The two-headed ogre is heavily wounded.
You sock the two-headed ogre! You headbutt the two-headed ogre.
The two-headed ogre is almost dead.
You block the two-headed ogre's attack.
The two-headed ogre hits you with a giant club!
You die...

.................'...........#
########.........#.#####.....#
#.##........(...##....#
#.#########..<#.##....# #.#
#####.........#### #.#
#.....#.#......... #.#
#.#####.#.#..##### #.#######O#
#.#.#..<.... #.......#@#
#.#.#..####. #### #######.#.#
#.#.#.....#. ...#####
#.#.#####.#.#...#.#. .......#
#...................
....##.#########.#####.#.......#.
....#..................#.........
....#............#.#####.##....##
......#.#........#.#...#.##.#....
....#...#.#........#.#.#.##.#...#


You could see a two-headed ogre.

Vanquished Creatures
  A hydra (D:6)
  Grinder (D:3)
  A hippogriff (D:5)
  A wyvern (D:5)
  The ghost of wazuzu the Cutter, an amateur DsMo (D:3)
  A bullfrog (D:6)
  A scorpion (D:6)
  3 wights (D:5)
  A howler monkey (D:4)
  A crimson imp (D:5)
  A centaur zombie (D:5)
  A quasit (D:4)
  A hound (D:4)
  2 orc priests
  4 orc wizards
  A bullfrog skeleton (D:5)
  2 iguanas
  Ijyb (D:3)
  5 worker ants
  A hound skeleton (D:4)
  Robin (D:2)
  7 gnolls
  8 adders
  4 shadow imps
  2 adder skeletons
  2 worms
  3 leopard geckos
  11 orcs
  A ball python (D:4)
  2 bat zombies (D:1)
  10 giant cockroaches
  11 goblins
  7 hobgoblins
  8 jackals
  3 quokkas
  A ball python skeleton (D:5)
  8 bats
  4 frilled lizards
  A jackal zombie (D:5)
  8 kobolds
  A quokka skeleton (D:4)
  6 rats
140 creatures vanquished.

Notes
Turn   | Place    | Note
-------+----------+-------------------------------------------
     0 | D:1      | mrath the Minotaur Fighter began the quest for the Orb.
     0 | D:1      | Reached XP level 1. HP: 19/19 MP: 0/0
    79 | D:1      | Reached skill level 3 in Maces & Flails
   151 | D:1      | Reached XP level 2. HP: 26/26 MP: 1/1
   335 | D:1      | Reached skill level 4 in Maces & Flails
   547 | D:1      | Reached XP level 3. HP: 24/31 MP: 2/2
  1000 | D:2      | Noticed Robin
  1261 | D:2      | Reached skill level 5 in Maces & Flails
  1501 | D:2      | Reached XP level 4. HP: 31/39 MP: 3/3
  1581 | D:2      | Killed Robin
  1691 | D:3      | Reached skill level 6 in Maces & Flails
  1727 | D:3      | Noticed wazuzu's ghost (amateur DsMo)
  1735 | D:3      | Killed wazuzu's ghost
  1735 | D:3      | Reached skill level 7 in Maces & Flails
  1735 | D:3      | Reached XP level 5. HP: 35/45 MP: 4/4
  1961 | D:3      | Reached XP level 6. HP: 38/51 MP: 5/5
  2141 | D:3      | Noticed Ijyb
  2152 | D:3      | Killed Ijyb
  2152 | D:3      | Reached skill level 8 in Maces & Flails
  2375 | D:3      | Noticed Grinder
  2382 | D:3      | Killed Grinder
  2382 | D:3      | Reached skill level 9 in Maces & Flails
  2382 | D:3      | Reached XP level 7. HP: 39/57 MP: 6/6
  2743 | D:4      | Found a shadowy altar of Dithmenos.
  2941 | D:4      | Found a bloodstained altar of Trog.
  3124 | D:4      | Found a hazy altar of Hepliaklqana.
  3325 | D:4      | Reached skill level 1 in Dodging
  3410 | D:4      | Reached skill level 1 in Throwing
  3490 | D:5      | Entered Level 5 of the Dungeon
  3583 | D:5      | Found an iron altar of Okawaru.
  3590 | D:5      | Reached skill level 1 in Evocations
  3594 | D:5      | Became a worshipper of Warmaster Okawaru
  3759 | D:5      | Found a snail-covered altar of Cheibriados.
  3961 | D:5      | Reached XP level 8. HP: 38/67 MP: 8/8
  4252 | D:5      | Reached * piety under Okawaru
  4354 | D:5      | Reached skill level 10 in Maces & Flails
  4508 | D:5      | Noticed a hippogriff
  4523 | D:5      | Killed a hippogriff
  4523 | D:5      | Reached skill level 5 in Fighting
  5049 | D:6      | Found a staircase to the Ecumenical Temple.
  5060 | Temple   | Entered the Ecumenical Temple
  5266 | D:6      | Reached skill level 5 in Armour
  5982 | D:6      | Noticed a seven-headed hydra
  5985 | D:6      | Noticed a two-headed ogre
  6047 | D:6      | Killed a seven-headed hydra
  6047 | D:6      | Reached ** piety under Okawaru
  6047 | D:6      | Reached skill level 5 in Shields
  6047 | D:6      | Reached XP level 9. HP: 23/75 MP: 6/10
  6050 | D:6      | Mangled by a two-headed ogre

Vault maps used:
D:1:      saegor_arrival_fortress, hangedman_decor_diamond_cutter,
          minmay_tiny_reverse_x
D:2:      first_bread, uniq_robin
D:3:      uniq_grinder, uniq_iyjb
D:4:      grunt_dithmenos_smoke, lemuel_doored_altar,
          lemuel_coloured_pillars_altar, serial_curves, eino_curves_02,
          eino_curves_01
D:5:      cheibriados_altar_1, okawaru_metal_pillars_1_2
D:6:      minmay_cornered_nines
Temple:   nicolae_temple_figure_zero

Skill      XL: |  1  2  3  4  5  6  7  8 |
---------------+-------------------------+-----
Maces & Flails | 3 4 5 7 9 10 | 10.4
Dodging        | 1 3 |  3.5
Throwing       | 1 3 |  3.3
Fighting       | 4 5 |  5.9
Shields        | 4 5 |  5.4
Armour         | 4 5 |  5.6
Evocations     | 1 3 |  3.1

Action                   |  1- 3 |  4- 6 |  7- 9 || total
-------------------------+-------+-------+-------++-------
Melee: Flail             |   121 |   102 |   202 ||   425
       Headbutt          |    14 |    21 |    51 ||    86
Throw: Stone             |       |       |     4 ||     4
Invok: Heroism           |       |       |     2 ||     2
  Use: Potion            |       |     1 |       ||     1
       Scroll            |       |       |     2 ||     2
  Eat: Chunk             |     2 |     3 |    11 ||    16
Armor: Scale mail        |    71 |    21 |       ||    92
       Chain mail        |       |    20 |    75 ||    95
Dodge: Dodged            |    47 |    21 |    38 ||   106
Block: Shield            |    83 |    55 |    91 ||   229
